 Dungeon Crawl Stone Soup version 0.31.0-4-g52a2dc7128 (webtiles) character file.

Game seed: 446272731927461195

48841 thirtiethelement the Fencer (level 14, -16/171 HPs)
             Began as a Demonspawn Berserker on Jan 23, 2024.
             Was a High Priest of Trog.
             Demolished by an orc knight
             ... wielding a +0 long sword
              (31 damage)
             ... on level 1 of the Orcish Mines.
             The game lasted 00:40:37 (20976 turns).

thirtiethelement the Fencer (Demonspawn Berserker) Turns: 20976, Time: 00:40:37

Health: -16/171    AC: 23    Str: 21    XL:     14   Next: 13%
Magic:  0/15       EV:  8    Int:  7    God:    Trog [*****.]
Gold:   1168       SH:  0    Dex: 15    Spells: 13/13 levels left

rFire   . . .        h - +6 triple sword "Nuxey" {venom, Fly rPois SInv}
rCold   . . .        (shield currently unavailable)
rNeg    . . .        k - +1 plate armour
rPois   +            (no helmet)
rElec   +            v - +2 cloak
rCorr   .            (gloves unavailable)
SInv    +            p - +0 pair of boots
Will    +++..        a - amulet of guardian spirit Stlth
                     t - ring of see invisible
HPRegen 1.48/turn    (no ring)
MPRegen 0.14/turn

%: guardian spirit
@: berserking, strong-willed, flying, regenerating, very quick
A: claws 3, demonic guardian 2, ignite blood 1, sharp scales 2, high MP 1,
electricity resistance, inability to drink after injury 2
a: Renounce Religion, Berserk, Trog's Hand, Brothers in Arms


You were on level 1 of the Orcish Mines.
You worshipped Trog.
Trog was extremely pleased with you.
You visited 4 branches of the dungeon, and saw 17 of its levels.
You also visited: Sewer.

You collected 1315 gold pieces.
You spent 147 gold pieces at shops.

Inventory:

Hand Weapons
 h - the +6 triple sword "Nuxey" (weapon) {venom, Fly rPois SInv}
   (You acquired it on level 1 of the Lair of Beasts)

   rPois:     It protects you from poison SInv: It lets you see invisible.
   Fly:       It grants you flight.
 C - the +2 long sword of Success {flame, rF+ rN+}
   (You found it on level 7 of the Dungeon)

   rF+:       It protects you from fire.
   rN+:       It protects you from negative energy.
 G - the +11 dagger "Coquguar" {pain, +Blink Will+}
   (You found it on level 8 of the Dungeon)

   Will+:     It increases your willpower.
   +Blink:    It lets you blink.
Missiles
 r - 16 javelins (quivered)
 I - 8 boomerangs
Armour
 k - a +1 plate armour (worn)
 p - a +0 pair of boots (worn)
 v - a +2 cloak (worn)
 E - a +0 buckler
 F - the +2 pair of gloves of Gantusig {Will+ rCorr}
   (You found it on level 2 of the Lair of Beasts)

   Will+:     It increases your willpower.
   rCorr:     It protects you from acid and corrosion.
Jewellery
 a - an amulet of guardian spirit (around neck)
 t - a ring of see invisible (left claw)
 x - an amulet of magic regeneration
Wands
 l - a wand of charming (7)
 n - a wand of mindburst (38)
 u - a wand of flame (27)
 w - a wand of iceblast (12)
Scrolls
 b - a scroll of fog
 d - a scroll of fear
 i - 3 scrolls of enchant weapon
 j - 4 scrolls of teleportation
 m - 4 scrolls of vulnerability
 y - 3 scrolls of enchant armour
 A - 2 scrolls of poison
 B - 3 scrolls of revelation
 H - 2 scrolls of immolation
 K - a scroll of torment {unknown}
 L - a scroll of brand weapon {unknown}
 M - a scroll of butterflies
Potions
 c - 10 potions of curing
 e - 3 potions of haste
 f - 2 potions of enlightenment
 g - a potion of attraction
 o - 2 potions of berserk rage
 q - 4 potions of heal wounds
 s - a potion of lignification
 z - 2 potions of ambrosia
 D - 2 potions of invisibility
 J - a potion of might


   Skills:
 + Level 11.9 Fighting
 + Level 5.6(11.4) Short Blades
 + Level 15.2(15.6) Long Blades
 + Level 0.8 Throwing
 + Level 12.1 Armour
 + Level 4.1 Dodging
 + Level 1.7 Stealth


You had 13 spell levels left.
You didn't know any spells.
Your spell library contained the following spells:

 Spells                   Type           Power      Damage    Failure   Level
 Apportation              Tloc           0%         N/A       99%         1
 Freeze                   Ice            0%         1d3       99%         1
 Necrotise                Necr           0%         1d4       99%         1
 Sting                    Conj/Alch      0%         1d3       99%         1
 Summon Small Mammal      Summ           0%         N/A       99%         1
 Jinxbite                 Hex            0%         N/A       100%        2
 Frozen Ramparts          Ice            0%         1d1       100%        3
 Hailstorm                Conj/Ice       0%         3d5       100%        3
 Inner Flame              Hex/Fire       0%         N/A       100%        3
 Flame Wave               Conj/Fire      0%         2d4       100%        4
 Sticky Flame             Fire/Alch      0%         2d4       100%        4
 Alistair's Intoxication  Alch           0%         N/A       100%        5
 Conjure Ball Lightning   Conj/Air       0%         3x3d6     100%        6
 Discord                  Hex            0%         N/A       100%        8
 Disjunction              Tloc           0%         N/A       100%        8


Dungeon Overview and Level Annotations

Branches:
Dungeon (9/15)             Temple (1/1) D:6            Lair (5/5) D:9
 Shoals (0/4) Lair:3        Snake (0/4) Lair:3        Slime (0/5) Lair:4
    Orc (2/2) D:9           Sewer (visited)
    Elf: Orc:2

Altars:
Ashenzari
Cheibriados
Dithmenos
Fedhas
Gozag
Hepliaklqana
Kikubaaqudgha
Makhleb
Nemelex Xobeh
Okawaru
Qazlal
Ru
Sif Muna
Trog
Uskayaw
Vehumet
Wu Jian
Xom
Yredelemnul

Shops:
D:1 (   D:3 !   D:4 ??


Innate Abilities, Weirdness & Mutations

You have claws for hands.
A demonic guardian rushes to your aid.
Your demonic aura sometimes causes spilled blood to erupt in flames.
You are mostly covered in razor-sharp scales. (AC +2, Slay +2)
You have an increased reservoir of magic. (+10% MP)
You are resistant to electric shocks. (rElec)
You sometimes lose the ability to drink potions when taking damage.


Message History

The orc hits you with a +0 mace.
The orc knight hits you with a +0 long sword.
The orc warrior closely misses you.
You slash the orc!
You kill the orc!
Trog accepts your kill. The orc knight completely misses you.
You completely miss the orc warrior.
The orc knight hits you with a +0 long sword!!
The orc warrior barely misses you.
You barely miss the orc warrior.
The orc knight hits you but does no damage.
The orc warrior hits you with a +1 heavy war axe!
You barely miss the orc warrior.
The orc knight hits you but does no damage.
You closely miss the orc warrior.
The orc knight hits you but does no damage.
The orc warrior completely misses you.
You slice the orc warrior!!
The orc warrior is severely wounded.
The orc knight hits you but does no damage.
The orc warrior barely misses you.
You hit the orc warrior but do no damage.
The orc warrior is severely wounded.
The orc knight barely misses you.
You hit the orc warrior.
The orc warrior is severely wounded.
The orc knight hits you with a +0 long sword!
The orc warrior hits you with a +1 heavy war axe!!
* * * LOW HITPOINT WARNING * * *
Unknown command.
Your skin crawls.
You feel strong-willed.
The orc knight hits you with a +0 long sword!!
* * * LOW HITPOINT WARNING * * *
The orc warrior barely misses you.
A red film seems to cover your vision as you go berserk!
You feel yourself moving faster!
You feel mighty!
The orc knight hits you with a +0 long sword!!
You die...

####........#.....#.....#.#.##
##...#....#.#......#...........
##......................#.#.....
#..........#............###..##.
##.......#.#...........###...#..
#####...................##.....
##.##................#.....
###.....).○........#.).###
#......o@°.......#..))..#
#...#...o................
##.###......#............
#...#...#................
##.#....#................
####..))...#............
#####[.[#...........#....
##.##[.).............#...#
#...........#.......##....


You could see an orc knight (strong) and an orc warrior (strong).

Vanquished Creatures
  The ghost of Long the Thaumaturge, a journeyman DsEE of Dithmenos (Lair:1)
  A dancing weapon (Lair:1)
  Nergalle (Lair:2)
  A skyshark (Lair:2)
  A goliath frog (Lair:5)
  An orc knight (Orc:1)
  An orc sorcerer (Orc:2)
  An oklob plant (Lair:5)
  A cyclops (D:8)
  A moth of wrath (Lair:3)
  Maurice (D:7)
  17 elephants
  4 black mambas
  A torpor snail (Lair:2)
  20 cane toads
  Maggie (D:7)
  3 rime drakes
  5 komodo dragons
  A kobold demonologist (D:7)
  A troll (Orc:1)
  A merfolk (Lair:3)
  A polar bear (Lair:4)
  A dream sheep (Lair:2)
  3 tyrant leeches
  A slime creature (Lair:4)
  Sigmund (D:3)
  19 blink frogs
  8 spriggans
  A wyvern (Lair:4)
  A vampire (D:9)
  32 yaks
  2 wargs (Orc:1)
  A steam dragon (D:9)
  6 vampire mosquitoes
  2 basilisks
  Edmund (D:4)
  3 nagas (Lair:3)
  15 water moccasins
  An acid dragon (D:8)
  4 orc warriors
  4 black bears
  An ice beast (D:7)
  A crocodile (Sewer)
  4 ogres
  A sky beast (D:8)
  15 wolves (Lair:2)
  4 centaurs
  A kobold brigand (D:6)
  3 necrophages (D:4)
  A brain worm (Sewer)
  15 bullfrogs
  A gnoll sergeant (D:8)
  11 wights
  6 killer bees (D:9)
  5 electric eels (D:7)
  2 hounds
  A human zombie (D:4)
  A bombardier beetle (D:6)
  8 orc priests
  3 gnoll boudas
  6 jellies
  A sleepcap (D:4)
  17 orc wizards
  Natasha (thrice) (D:3)
  5 hell rats (Lair:5)
  2 iguanas (D:4)
  2 scorpion zombies (D:4)
  A hound skeleton (D:4)
  19 gnolls
  14 adders
  A white imp (D:7)
  4 ufetubi
  5 adder zombies (D:4)
  6 dart slugs
  2 ribbon worms
  51 orcs
  9 ball pythons
  9 endoplasms
  7 giant cockroaches
  11 hobgoblins
  2 jackals (D:3)
  7 quokkas
  12 bats
  5 frilled lizards
  6 goblins
  17 kobolds
  10 rats
490 creatures vanquished.

Vanquished Creatures (collateral kills)
  The ghost of Huasawuy the Grappler, a journeyman TrHW of Okawaru (Lair:3)
  Sonja (Orc:1)
  A moth of wrath (Lair:3)
  2 kobold blastminers (Orc:1)
  2 elephants
  A water nymph (Lair:3)
  2 cane toads
  A hornet (Lair:3)
  A dream sheep (Lair:2)
  A blink frog (Lair:5)
  A tyrant leech (Lair:4)
  2 spriggans (Lair:3)
  2 yaks
  A basilisk (Lair:5)
  A warg (Orc:2)
  A water moccasin (Lair:4)
  3 orc warriors
  3 bullfrogs
  3 wights (D:6)
  An electric eel (D:7)
  An iguana (D:5)
  An orc wizard (D:5)
  An adder (D:5)
  3 orcs
37 creatures vanquished.

Vanquished Creatures (others)
  2 orc wizards
  3 orcs (D:5)
5 creatures vanquished.

Grand Total: 532 creatures vanquished

Notes
Turn   | Place    | Note
-------+----------+-------------------------------------------
     0 | D:1      | thirtiethelement the Demonspawn Berserker began the quest
                  | for the Orb.
     0 | D:1      | Reached XP level 1. HP: 18/18 MP: 1/1
    96 | D:1      | Reached skill level 3 in Long Blades
    96 | D:1      | Gained mutation: Your demonic aura sometimes causes spilled
                  | blood to erupt in flames. [demonic ancestry]
    96 | D:1      | Reached XP level 2. HP: 7/24 MP: 2/2
   349 | D:1      | Found a faded altar of an unknown god.
   646 | D:1      | Found Kileocve's Weapon Emporium.
   649 | D:1      | Gained mutation: You are partially covered in razor-sharp
                  | scales. (AC +1, Slay +1) [demonic ancestry]
   649 | D:1      | Reached XP level 3. HP: 28/29 MP: 3/3
  1215 | D:2      | Reached ** piety under Trog
  1503 | D:2      | Gained mutation: A weak demonic guardian rushes to your
                  | aid. [demonic ancestry]
  1503 | D:2      | Reached XP level 4. HP: 35/35 MP: 4/4
  1628 | D:3      | Noticed Natasha
  1644 | D:3      | Killed Natasha
  1752 | D:3      | Noticed Natasha
  1760 | D:3      | Killed Natasha
  1761 | D:3      | Reached skill level 4 in Long Blades
  1866 | D:3      | Reached XP level 5. HP: 42/42 MP: 5/5
  1886 | D:3      | Noticed Natasha
  1892 | D:3      | Killed Natasha
  2020 | D:3      | Found Nyujuy's Distillery.
  2165 | D:3      | Bought a potion of curing for 33 gold pieces
  2165 | D:3      | Bought a potion of berserk rage for 55 gold pieces
  2165 | D:3      | Bought a potion of degeneration for 11 gold pieces
  2345 | D:3      | Noticed Sigmund
  2355 | D:3      | Killed Sigmund
  2356 | D:3      | Reached skill level 5 in Long Blades
  2356 | D:3      | Gained mutation: A demonic guardian rushes to your aid.
                  | [demonic ancestry]
  2356 | D:3      | Reached XP level 6. HP: 48/48 MP: 6/6
  2633 | D:4      | Noticed an orc warrior
  2690 | D:4      | Killed an orc warrior
  2821 | D:4      | Found Baudgh's Magic Scroll Boutique.
  2826 | D:4      | Bought a scroll of identify for 24 gold pieces
  2826 | D:4      | Bought a scroll of identify for 24 gold pieces
  3096 | D:4      | Found a hide-covered altar of Uskayaw.
  3099 | D:4      | Found a shimmering altar of Xom.
  3114 | D:4      | Found a sparkling altar of Nemelex Xobeh.
  3117 | D:4      | Found a blossoming altar of Fedhas.
  3247 | D:4      | Gained mutation: You have sharp fingernails. [demonic
                  | ancestry]
  3247 | D:4      | Reached XP level 7. HP: 36/54 MP: 7/7
  3403 | D:4      | Reached *** piety under Trog
  3418 | D:4      | Found Pottal's Magic Scroll Shoppe.
  3462 | D:4      | Noticed Edmund
  3477 | D:4      | Killed Edmund
  3478 | D:4      | Reached skill level 6 in Long Blades
  3898 | D:4      | Found an ancient bone altar of Kikubaaqudgha.
  4499 | D:4      | Reached XP level 8. HP: 46/61 MP: 8/8
  4878 | D:5      | Entered Level 5 of the Dungeon
  4963 | D:5      | Reached skill level 5 in Fighting
  4982 | D:5      | Reached skill level 7 in Long Blades
  5167 | D:5      | Found a glowing drain.
  5177 | Sewer    | Entered a sewer
  5442 | D:5      | Reached **** piety under Trog
  5764 | D:5      | Found a sacrificial altar of Ru.
  6158 | D:6      | Gained mutation: You are occasionally teleported next to
                  | monsters. [potion of mutation]
  6158 | D:6      | Gained mutation: You possess an exceptional clarity of
                  | mind. [potion of mutation]
  6167 | D:6      | Found a shadowy altar of Dithmenos.
  6253 | D:6      | Reached skill level 5 in Armour
  6427 | D:6      | Reached skill level 8 in Long Blades
  6937 | D:6      | Gained mutation: You are mostly covered in razor-sharp
                  | scales. (AC +2, Slay +2) [demonic ancestry]
  6937 | D:6      | Reached XP level 9. HP: 66/69 MP: 9/9
  7119 | D:6      | Found a staircase to the Ecumenical Temple.
  7136 | Temple   | Entered the Ecumenical Temple
  7227 | D:6      | Lost mutation: You possess an exceptional clarity of mind.
                  | [potion of mutation]
  7227 | D:6      | Lost mutation: You are occasionally teleported next to
                  | monsters. [potion of mutation]
  7227 | D:6      | Gained mutation: You sometimes lose your temper in combat.
                  | [potion of mutation]
  7227 | D:6      | Gained mutation: You are resistant to electric shocks.
                  | (rElec) [potion of mutation]
  7227 | D:6      | Gained mutation: You have an increased reservoir of magic.
                  | (+10% MP) [potion of mutation]
  7227 | D:6      | Gained mutation: You expend magic power (3 MP) to
                  | strengthen your wands. [potion of mutation]
  7324 | D:7      | Noticed a kobold demonologist
  7330 | D:7      | Noticed a hellwing
  7331 | D:7      | Killed a kobold demonologist
  7448 | D:7      | Noticed Maurice
  7452 | D:7      | Maurice stole 11 javelins
  7459 | D:7      | Killed Maurice
  7460 | D:7      | Reached skill level 9 in Long Blades
  7516 | D:7      | Identified the +2 long sword of Success {flame, rF+ rN+}
  7571 | D:7      | Found an opulent altar of Gozag.
  7686 | D:7      | Noticed Maggie
  7694 | D:7      | Killed Maggie
  7904 | D:7      | Reached ***** piety under Trog
  8195 | D:7      | Reached XP level 10. HP: 79/79 MP: 11/11
  8680 | D:8      | Reached skill level 10 in Long Blades
  8776 | D:8      | Noticed a cyclops
  8780 | D:8      | Killed a cyclops
  8853 | D:8      | Noticed a lindwurm
  8861 | D:8      | Lost mutation: You expend magic power (3 MP) to strengthen
                  | your wands. [potion of mutation]
  8861 | D:8      | Lost mutation: You sometimes lose your temper in combat.
                  | [potion of mutation]
  8861 | D:8      | Gained mutation: You sometimes lose your temper in combat.
                  | [potion of mutation]
  8861 | D:8      | Lost mutation: You sometimes lose your temper in combat.
                  | [potion of mutation]
  8861 | D:8      | Gained mutation: You have hidden genetic defects. [potion
                  | of mutation]
  8969 | D:8      | Noticed a lindwurm
  9079 | D:8      | Noticed a lindwurm
  9086 | D:8      | Noticed a lindwurm
  9328 | D:8      | Gained mutation: You occasionally lose the ability to drink
                  | potions when taking damage. [hidden defects]
  9875 | D:8      | Identified the +11 dagger "Coquguar" {pain, +Blink Will+}
  9877 | D:8      | HP: 4/80 [lindwurm (6)]
 10489 | D:9      | Found a snail-covered altar of Cheibriados.
 10702 | D:9      | Reached skill level 11 in Long Blades
 10703 | D:9      | Gained mutation: You sometimes lose the ability to drink
                  | potions when taking damage. [hidden defects]
 10703 | D:9      | Lost mutation: You have hidden genetic defects. [hidden
                  | defects expressed]
 10844 | D:9      | Found a bloodstained altar of Trog.
 10943 | D:9      | Found a staircase to the Lair.
 10951 | D:9      | Reached skill level 1 in Short Blades
 10951 | D:9      | Gained mutation: You have very sharp fingernails. [demonic
                  | ancestry]
 10951 | D:9      | Reached XP level 11. HP: 70/86 MP: 12/12
 11503 | D:9      | Found a staircase to the Orcish Mines.
 11640 | Lair:1   | Entered Level 1 of the Lair of Beasts
 11984 | Lair:1   | Found a runed translucent door.
 11986 | Lair:1   | Found a shimmering altar of Xom.
 11986 | Lair:1   | Noticed Long's ghost (journeyman DsEE)
 11986 | Lair:1   | Noticed a +1 flail of chaos
 11996 | Lair:1   | Killed a +1 flail of chaos
 12041 | Lair:1   | Killed Long's ghost
 12320 | Lair:1   | Reached skill level 1 in Stealth
 12331 | Lair:1   | Reached skill level 5 in Short Blades
 12748 | Lair:1   | Identified a scroll of acquirement
 12748 | Lair:1   | Acquired the +6 triple sword "Nuxey" {venom, Fly rPois
                  | SInv}
 12967 | Lair:2   | Received a gift from Trog
 13512 | Lair:2   | Reached XP level 12. HP: 41/96 MP: 13/13
 13701 | Lair:2   | Identified the +2 pair of gloves of Gantusig {Will+ rCorr}
 13726 | Lair:2   | Reached skill level 10 in Armour
 14138 | Lair:2   | Noticed Nergalle
 14148 | Lair:2   | Killed Nergalle
 14154 | Lair:2   | Reached skill level 10 in Fighting
 14915 | Lair:3   | Found a shimmering blue altar of Sif Muna.
 15022 | Lair:3   | Found a staircase to the Snake Pit.
 15025 | Lair:3   | Reached skill level 12 in Long Blades
 15423 | Lair:3   | Found a transporter.
 15432 | Lair:3   | Found a bloodstained altar of Trog.
 15432 | Lair:3   | Found a transporter.
 15433 | Lair:3   | Noticed Huasawuy's ghost (journeyman TrHW)
 15455 | Lair:3   | Killed Huasawuy's ghost
 16272 | Lair:4   | Reached skill level 13 in Long Blades
 16272 | Lair:4   | Gained mutation: You have claws for hands. [demonic
                  | ancestry]
 16272 | Lair:4   | Reached XP level 13. HP: 62/105 MP: 12/14
 16482 | Lair:4   | Found a staircase to the Slime Pits.
 17167 | Lair:4   | Received a gift from Trog
 17626 | Lair:5   | Entered Level 5 of the Lair of Beasts
 17652 | Lair:5   | Reached skill level 14 in Long Blades
 18053 | Lair:4   | HP: 5/106 [komodo dragon (14)]
 19378 | Lair:5   | Received a gift from Trog
 19631 | Lair:5   | Reached skill level 15 in Long Blades
 19754 | Lair:5   | Reached XP level 14. HP: 93/114 MP: 13/15
 20026 | Orc:1    | Entered Level 1 of the Orcish Mines
 20131 | Orc:1    | Noticed Sonja
 20140 | Orc:1    | Killed Sonja
 20464 | Orc:2    | Entered Level 2 of the Orcish Mines
 20713 | Orc:2    | Noticed an orc warlord
 20976 | Orc:1    | Demolished by an orc knight

Illustrated notes

Levels and vault maps discovered:
D:1:      matt_arrival_diagonals, layout_basic, serial_shops,
          nicolae_shop_bloodbath_and_beyond, chequers_ecumenical_altar_island,
          serial_corexii_hall, corexii_hall_statues_x, corexii_hall_statues_s
D:2:      layout_basic
D:3:      layout_basic, serial_glass, glass_columns_b, glass_columns_a,
          glass_columns_b, glass_columns_a, feat_on_display, feat_on_display,
          feat_on_display, minmay_strange_pillars, serial_shops,
          nicolae_shop_tiny_glass, chequers_serial_rivers_room_b,
          grunt_ministairs_4, minmay_surrounded, uniq_natasha, uniq_sigmund
D:4:      layout_layer_cave, grunt_temple_overflow_cloverleaf,
          lemuel_mausoleum_altar_kikubaaqudgha, serial_shops, shop,
          minmay_shop_grid_forest, chequers_big_river, uniq_edmund
D:5:      layout_basic, nicolae_ru_the_path_less_chosen,
          gup_sewer_entry_bubbles, lemuel_flamethrower_2
D:6:      layout_loops_ring, grunt_dithmenos_smoke,
          nicolae_tso_swordbearing_angel, minmay_temple_entry_waves
D:7:      cheibrodos_two_vegetables, layout_loops_ring, grunt_gozag_statues,
          zin_scriptorium, uniq_maggie, uniq_maurice
D:8:      layout_basic, dreamdust_wishing_well, minmay_lindwurm_lava
D:9:      layout_small_grid, cheibrodos_worm_habitat, overflow_temple_1_default,
          grunt_lair_entry_orc_guard_hut, hiddenorc1_lemuel
Temple:   eino_wide_crystal_templ
Lair:1:   layout_gridlike, ebering_ghost_xom, dreamdust_mushroom_princess,
          small_statue_intersection, grunt_megastairs_5, lemuel_fruit_tree
Lair:2:   layout_roguey, minivault_25, wad_woods_01, uniq_nergalle
Lair:3:   layout_loops_ring, nicolae_shoals_entry_flooding,
          nicolae_snake_entry_squirm, basic_altar,
          gammafunk_ghost_wrathful_warriors, serial_bayou_shore_b
Lair:4:   layout_small_grid, minmay_slime_entry_pillars,
          cheibrodos_lair_reptile_den, grunt_megastairs_1
Lair:5:   minmay_lair_end_frog_pond, layout_loops_ring, minivault_23
Orc:1:    layout_caves, uniq_sonja, uniq_urug
Orc:2:    st_orc_town, layout_caves, serial_shops, nicolae_shop_hallway_stairs,
          basic_altar, ebering_ghost_xom, chequers_guarded_unrand_ignorance

Skill      XL: |  1  2  3  4  5  6  7  8  9 10 11 12 13 14 |
---------------+-------------------------------------------+-----
Long Blades    | 3 4 5 6 8 9 11 13 15 | 15.2
Dodging        | 2 3 4 |  4.1
Armour         | 2 3 4 5 7 8 9 11 12 | 12.1
Fighting       | 4 5 7 8 9 10 11 | 11.9
Short Blades   | 1 5 |  5.6
Stealth        | 1 |  1.7
Throwing       | |  0.8

Action                     |  1- 3 |  4- 6 |  7- 9 | 10-12 | 13-15 || total
---------------------------+-------+-------+-------+-------+-------++-------
  Melee: Falchion          |   126 |   177 |   386 |       |       ||   689
         Punch             |     2 |     2 |    11 |     5 |       ||    20
         Long sword        |       |       |    99 |   179 |       ||   278
         Dagger            |       |       |       |   237 |       ||   237
         Triple sword      |       |       |       |   198 |   328 ||   526
  Throw: Javelin           |       |     6 |       |       |     1 ||     7
 Invoke: Berserk           |     1 |     3 |     1 |     2 |     2 ||     9
         Trog's Hand       |       |       |       |     3 |     1 ||     4
         Brothers in Arms  |       |       |       |     1 |     1 ||     2
    Use: Scroll            |       |     8 |     7 |     8 |     4 ||    27
         Potion            |       |       |     2 |     6 |     1 ||     9
   Stab: Distracted        |       |       |       |     1 |       ||     1
 Armour: Animal skin       |    10 |       |       |       |       ||    10
         Scale mail        |    70 |    76 |       |       |       ||   146
         Plate armour      |       |    54 |   507 |   797 |   489 ||  1847
  Dodge: Dodged            |    64 |    96 |   171 |   327 |   185 ||   843
